 Dungeon Crawl Stone Soup version 0.17-a0-2203-g187e5c8 (webtiles) character file.

10665 Demise101 the Severer (level 11, -3/102 HPs)
             Began as a Hill Orc Berserker on Oct 26, 2015.
             Was a High Priest of Trog.
             Slain by an ice devil (20 damage)
             ... in an ice cave.
             The game lasted 00:12:06 (9353 turns).

Demise101 the Severer (Hill Orc Berserker)          Turns: 9353, Time: 00:12:07

Health: -3/102     AC: 17    Str: 23    XL:     11   Next: 65%
Magic:  11/11      EV:  8    Int:  7    God:    Trog [*****.]
Gold:   479        SH:  0    Dex: 13    Spells: 0 memorised, 10 levels left

rFire  . . .     SeeInvis .     z - +3 battleaxe (freeze)
rCold  . . .     Clarity  .     g - +1 plate armour
rNeg   . . .     SustAt   .     (no shield)
rPois  .         Gourm    .     (no helmet)
rElec  .         Spirit   .     B - +0 cloak
rCorr  .         Warding  .     (no gloves)
rMut   .         Stasis   .     (no boots)
MR     .....                    C - amulet of regeneration
Stlth  ..........               E - ring of flight
                                j - +2 ring of strength

@: not resistant to hostile enchantments, extremely unstealthy
A: no striking features
a: Berserk, Trog's Hand, Brothers in Arms, Burn Spellbooks, Renounce Religion,
Evoke Flight


You were in an ice cave.
You worshipped Trog.
Trog was extremely pleased with you.
You were hungry.

You visited 2 branches of the dungeon, and saw 9 of its levels.
You also visited: Ice Cave.

You collected 479 gold pieces.

Inventory:

Hand Weapons
 v - a +2 hand axe of flaming
 z - a +3 battleaxe of freezing (weapon)
Armour
 b - a +0 animal skin
 g - a +1 plate armour (worn)
 B - a +0 cloak (worn)
Jewellery
 j - a +2 ring of strength (left hand)
 C - an amulet of regeneration (around neck)
 E - a ring of flight (right hand)
Wands
 y - a wand of draining (4)
 D - a wand of teleportation (7)
 K - a wand of teleportation (3)
Scrolls
 e - 4 scrolls of identify
 h - 2 scrolls of recharging
 i - 6 scrolls of remove curse
 k - a scroll of magic mapping
 q - 2 scrolls of enchant weapon
 r - 2 scrolls of blinking
Potions
 f - a potion of heal wounds
 l - 2 potions of cancellation
 n - 2 potions of curing
 o - 3 potions of might
 t - a potion of haste {unknown}
 x - a potion of brilliance {unknown}
 A - a potion of mutation {unknown}
 G - a potion of resistance {unknown}
Books
 H - a book of Frost

   Spells                             Type                      Level
   a - Freeze                         Ice                          1
   b - Throw Frost                    Conjuration/Ice              2
   c - Ozocubu's Armour               Charms/Ice                   3
   d - Throw Icicle                   Conjuration/Ice              4
   e - Summon Ice Beast               Ice/Summoning                4
   f - Condensation Shield            Ice                          4
   Trog disapproves of the use of such an item.
Comestibles
 c - 3 bread rations
 d - 9 meat rations
 m - 7 slices of pizza
 p - a royal jelly
 s - 21 fruits
 w - a beef jerky


   Skills:
 + Level 11.2 Fighting
 * Level 16.1 Axes
 + Level 10.0 Armour
 - Level 1.5 Dodging


You had 10 spell levels left.
You didn't know any spells.

Dungeon Overview and Level Annotations

Branches:
Dungeon (8/15)             Temple (0/1) D:7            Lair (1/8) D:8

Altars:
Cheibriados
Dithmenos
Gozag
Makhleb
Okawaru
Qazlal
Sif Muna
Vehumet
Yredelemnul
Zin

Shops:
D:7 }

Annotations:
IceCv exclusion: 2 ice statues


Message History

The ice devil hits you but does no damage.
You hit the ice devil but do no damage.
The ice devil is lightly wounded.
The ice devil hits you. The ice devil freezes you!!
You hit the ice devil but do no damage.
The ice devil is lightly wounded.
The ice devil closely misses you.
You are too injured to fight recklessly!
You are too injured to fight recklessly!
You closely miss the ice devil.
The ice devil is lightly wounded.
The ice devil hits you! The ice devil freezes you!!
* * * LOW HITPOINT WARNING * * *
You are too injured to fight recklessly!
You hit the ice devil but do no damage.
The ice devil is lightly wounded.
The ice devil hits you.
* * * LOW HITPOINT WARNING * * *
The ice devil freezes you!!
You die...

#.............#
#.............
#§..........#
##8#.....#8
####...##
##...# #...##
#..3## ##.@.#
##...##
##.....##
#...∩...#
#...∩...#
##.....##
##...## #####


You could see an ice devil.

Vanquished Creatures
  A hydra (D:8)
  A black mamba (Lair:1)
  A spiny frog (Lair:1)
  2 komodo dragons (Lair:1)
  2 blue devils (IceCv)
  Grinder (D:3)
  Prince Ribbit (D:7)
  11 yaks
  A deep elf fighter (D:8)
  3 hippogriffs
  A water moccasin (D:7)
  2 sky beasts
  The ghost of Demise the Cudgeler, an amateur OgGl (D:3)
  3 ice beasts
  2 phantoms (D:5)
  Purgy (D:3)
  An orc warrior (D:8)
  A black bear (D:7)
  3 ogres
  A crocodile (D:8)
  5 centaurs
  3 giant frogs
  3 big kobolds (D:8)
  A wyvern zombie (D:8)
  3 scorpions
  4 killer bees (D:6)
  3 crimson imps
  A centaur zombie (D:5)
  A wasp zombie (D:6)
  6 hounds
  6 orc wizards
  4 iguanas
  6 orc priests
  A jelly (D:4)
  2 giant frog skeletons
  2 centaur skeletons
  8 worker ants
  2 sheep (D:8)
  Robin (D:3)
  3 river rats (D:8)
  3 gnolls (D:3)
  14 adders
  12 white imps (Lair:1)
  An ooze (D:1)
  An adder zombie (D:6)
  An adder skeleton (D:6)
  2 worms (D:3)
  5 giant geckos
  31 orcs
  4 giant cockroaches
  16 goblins
  10 hobgoblins
  7 jackals
  8 kobolds
  5 quokkas
  3 ball pythons
  25 bats
  A giant gecko skeleton (D:6)
  9 giant newts
  11 rats
  A fungus (D:8)
275 creatures vanquished.

Vanquished Creatures (collateral kills)
  The ghost of Geeful the Grappler, a journeyman TrMo (IceCv)
  Erica (D:8)
  An ice devil (IceCv)
  An ogre (D:4)
  A scorpion (D:8)
  A crimson imp (D:8)
6 creatures vanquished.

Vanquished Creatures (others)
  13 fungi (D:8)
13 creatures vanquished.

Grand Total: 294 creatures vanquished

Notes
Turn   | Place    | Note
--------------------------------------------------------------
     0 | D:1      | Demise101 the Hill Orc Berserker began the quest for the Orb.
     0 | D:1      | Reached XP level 1. HP: 19/19 MP: 1/1
    66 | D:1      | Reached XP level 2. HP: 9/27 MP: 2/2
   451 | D:1      | Reached ** piety under Trog
   509 | D:1      | Reached XP level 3. HP: 33/33 MP: 3/3
   941 | D:2      | Reached skill level 5 in Axes
  1244 | D:2      | Reached XP level 4. HP: 35/40 MP: 4/4
  1533 | D:2      | Found a deep blue altar of Sif Muna.
  1604 | D:3      | Noticed Purgy
  1623 | D:3      | Killed Purgy
  1623 | D:3      | Reached skill level 6 in Axes
  1623 | D:3      | Reached XP level 5. HP: 47/47 MP: 5/5
  1702 | D:3      | Reached *** piety under Trog
  1722 | D:3      | Noticed Demise's ghost (amateur OgGl)
  1742 | D:3      | Killed Demise's ghost
  1742 | D:3      | Reached skill level 5 in Fighting
  1742 | D:3      | Reached skill level 7 in Axes
  1742 | D:3      | Reached XP level 6. HP: 56/56 MP: 6/6
  1859 | D:3      | Noticed Grinder
  1866 | D:3      | Noticed Robin
  1879 | D:3      | Killed Robin
  1887 | D:3      | Killed Grinder
  1887 | D:3      | Reached skill level 8 in Axes
  1887 | D:3      | Reached XP level 7. HP: 50/61 MP: 7/7
  2525 | D:3      | Found an iron altar of Okawaru.
  2716 | D:4      | Reached **** piety under Trog
  2821 | D:4      | Found a stormy altar of Qazlal.
  2918 | D:4      | Reached skill level 5 in Armour
  3301 | D:4      | Reached skill level 9 in Axes
  3301 | D:4      | Reached XP level 8. HP: 71/71 MP: 8/8
  3897 | D:4      | Reached skill level 10 in Axes
  4358 | D:5      | Entered Level 5 of the Dungeon
  4894 | D:5      | Reached XP level 9. HP: 55/79 MP: 9/9
  5025 | D:5      | Reached skill level 11 in Axes
  5603 | D:5      | Found a shadowy altar of Dithmenos.
  5695 | D:5      | Found a glowing silver altar of Zin.
  6013 | D:6      | Found an opulent altar of Gozag.
  6024 | D:6      | Reached skill level 12 in Axes
  6433 | D:6      | Found an opulent altar of Gozag.
  6494 | D:7      | Found Quklinab's Gadget Shop.
  6508 | D:7      | Noticed Prince Ribbit
  6527 | D:7      | Killed Prince Ribbit
  6547 | D:7      | Found a staircase to the Ecumenical Temple.
  6675 | D:7      | Reached XP level 10. HP: 91/91 MP: 10/10
  6807 | D:7      | Reached skill level 13 in Axes
  6914 | D:7      | Found a radiant altar of Vehumet.
  7004 | D:7      | Reached ***** piety under Trog
  7163 | D:7      | Found a snail-covered altar of Cheibriados.
  7307 | D:8      | Noticed Erica
  7333 | D:8      | Killed Erica
  7333 | D:8      | Reached skill level 14 in Axes
  7784 | D:8      | Found a burning altar of Makhleb.
  7864 | D:8      | Reached skill level 10 in Fighting
  8262 | D:8      | Found a basalt altar of Yredelemnul.
  8291 | D:8      | Received a gift from Trog
  8305 | D:8      | Found a staircase to the Lair.
  8524 | D:8      | Reached XP level 11. HP: 55/100 MP: 11/11
  8533 | D:8      | Reached skill level 15 in Axes
  8669 | D:8      | Noticed a two-headed hydra
  8674 | D:8      | Killed a one-headed hydra
  8987 | Lair:1   | Entered Level 1 of the Lair of Beasts
  9168 | Lair:1   | Found a frozen archway.
  9224 | IceCv    | Entered an ice cave
  9225 | IceCv    | Noticed Geeful's ghost (journeyman TrMo)
  9231 | IceCv    | Noticed an ice devil
  9238 | IceCv    | Killed Geeful's ghost
  9238 | IceCv    | Reached skill level 16 in Axes
  9242 | IceCv    | Killed an ice devil
  9242 | IceCv    | Reached skill level 10 in Armour
  9324 | IceCv    | Noticed an ice statue
  9324 | IceCv    | Noticed an ice statue
  9339 | IceCv    | Noticed an ice devil
  9353 | IceCv    | Slain by an ice devil

Vault maps used:
D:1:      saegor_arrival_simple_d, kennysheep_decorative_pillar
D:2:      led_sif_pool
D:3:      lemuel_round_altar, uniq_grinder, uniq_purgy, uniq_robin
D:4:      lemuel_doored_altar, minmay_joined_circles
D:5:      zin_statuary, grunt_dithmenos_shadows, first_bread,
          roderic_greek_sauvastika, corexii_hall_statues_s
D:6:      lemuel_coloured_pillars_altar, basic_altar
D:7:      kennysheep_mini_moat, cheibrodos_worm_habitat,
          minmay_temple_entry_glass, serial_shops, kennysheep_mini,
          uniq_prince_ribbit1
D:8:      makhleb_heckhound_becter, kennysheep_little_box,
          grunt_lair_entry_elf_guard_hut, hangedman_ranch, lightli_orcish_oven,
          uniq_erica
Lair:1:   portal_ice_cave_entry_imps, grunt_forest_large_clearings,
          grunt_megastairs_2, infiniplex_staircase_pool, lemuel_fruit_tree
IceCv:    ice_cave_tombish

Action                   |  1- 3 |  4- 6 |  7- 9 | 10-12 || total
-------------------------+-------+-------+-------+-------++-------
Melee: Hand axe          |   138 |   116 |    12 |    15 ||   281
       War axe           |       |       |   449 |   188 ||   637
       Battleaxe         |       |       |       |   131 ||   131
Invok: Berserk           |     1 |     3 |     7 |     4 ||    15
       Brothers in Arms  |       |       |     1 |     2 ||     3
       Trog's Hand       |       |       |     1 |     4 ||     5
  Use: Scroll            |       |       |       |    14 ||    14
       Potion            |       |       |       |     5 ||     5
  Eat: Chunk             |     2 |     5 |    19 |    12 ||    38
       Bread ration      |       |       |     1 |     1 ||     2
